 Dungeon Crawl Stone Soup version 0.16-a0-4127-g24fbb24 (webtiles) character file.

2258 dysrexia the Arsonist (level 9, 0/51 HPs)
             Began as an Octopode Fire Elementalist on Mar 3, 2015.
             Succumbed to a killer bee's poison
             ... on level 8 of the Dungeon.
             The game lasted 00:42:22 (7973 turns).

dysrexia the Arsonist (Octopode Fire Elementalist)  Turns: 7973, Time: 00:42:22

Health: 0/51       AC:  1    Str:  8    XL:     9   Next: 38%
Magic:  8/14       EV: 18    Int: 27    God:
Gold:   429        SH:  0    Dex: 17    Spells: 3 memorised, 4 levels left

rFire  . . .     SeeInvis .     a - +0 blowgun
rCold  . . .     Clarity  .     (no shield)
rNeg   . . .     SustAb   .     (helmet restricted)
rPois  .         Gourm    .     (no amulet)
rElec  .         Spirit   .     q - ring of stealth
rCorr  .         Warding  .     (no ring)
rMut   .         Rnd*Tele +     (no ring)
MR     .....                    (no ring)
Stlth  +++++.....               (no ring)
                                (no ring)
                                (no ring)
                                (no ring)

@: brilliant, agile, lethally poisoned (0 -> -7), very slightly contaminated,
hasted, very quick, not resistant to hostile enchantments, quite stealthy
A: almost no armour, amphibious, 8 rings, constrict 8, camouflage 1, clever 1,
teleportitis 1, wild magic 1, gelatinous body 1
a: no special abilities


You were on level 8 of the Dungeon.
You were hungry.

You visited 1 branch of the dungeon, and saw 8 of its levels.

You collected 429 gold pieces.

Inventory:

Hand weapons
 a - a +0 blowgun (weapon)
Missiles
 d - 34 stones
 n - 45 poisoned needles (quivered)
Jewellery
 q - a ring of stealth (left tentacle)
 w - an uncursed amulet of regeneration
Magical devices
 o - a wand of frost (22)
Scrolls
 e - 2 scrolls of enchant armour
 j - 2 scrolls of recharging
 m - 5 scrolls of teleportation
 r - 6 scrolls of remove curse
Potions
 g - 2 potions of haste
Books
 b - a book of Flames

   Spells                             Type                      Level
   a - Flame Tongue                   Conjuration/Fire             1
   b - Throw Flame                    Conjuration/Fire             2
   c - Conjure Flame                  Conjuration/Fire             3
   d - Inner Flame                    Hexes/Fire                   3
   e - Sticky Flame                   Conjuration/Fire             4
   f - Fireball                       Conjuration/Fire             5
 i - a book of Unlife

   Spells                             Type                      Level
   a - Recall                         Summoning/Translocation      3
   b - Animate Dead                   Necromancy                   4
   c - Control Undead                 Necromancy                   4
   d - Cigotuvi's Embrace             Necromancy                   5
   e - Death Channel                  Necromancy                   6
   f - Simulacrum                     Ice/Necromancy               6
 t - a book of the Earth

   Spells                             Type                      Level
   a - Leda's Liquefaction            Hexes/Earth                  4
   b - Bolt of Magma                  Conjuration/Fire/Earth       5
   c - Statue Form                    Transmutation/Earth          6
   d - Iron Shot                      Conjuration/Earth            6
   e - Shatter                        Earth                        9
Comestibles
 c - 5 bread rations
 f - 2 chunks of flesh
 k - 3 meat rations


   Skills:
 - Level 2.0 Dodging
 - Level 2.6 Stealth
 - Level 2.0 Spellcasting
 + Level 8.6 Conjurations
 + Level 9.2 Fire Magic


You had 4 spell levels left.
You knew the following spells:

 Your Spells              Type           Power        Failure   Level  Hunger
a - Flame Tongue          Conj/Fire      #####        1%          1    None
b - Conjure Flame         Conj/Fire      #######.     1%          3    ###....
c - Sticky Flame          Conj/Fire      #######.     1%          4    ####...


Dungeon Overview and Level Annotations

Branches:
Dungeon (8/15)
 Temple: D:4-7         Lair: D:8-11

Altars:
Elyvilon
Gozag
Yredelemnul
The Shining One

Shops:
D:5 [   D:7 }

Annotations:
D:2 Crazy Yiuf


Innate Abilities, Weirdness & Mutations

You cannot wear most types of armour.
You are amphibious.
You can wear up to eight rings at the same time.
You can use your tentacles to constrict many enemies at once.
Your skin changes colour to match your surroundings (Stealth).
Your rubbery body absorbs attacks (AC +1).
Your mind is acute. (Int +2)
Space occasionally distorts in your vicinity.
Your spells are a little harder to cast, but a little more powerful.


Message History

* * * LOW HITPOINT WARNING * * *
You feel sick.
You are very lightly contaminated with residual magic.
Drink which item? (? for menu, Esc to quit)
Okay, then.
Read which item? (? for menu, Esc to quit)
Okay, then.
Okay, then.
* * * LOW HITPOINT WARNING * * *
You feel sick.
* * * LOW HITPOINT WARNING * * *
You feel sick.
There is a stone staircase leading down here.
* * * LOW HITPOINT WARNING * * *
You feel sick.
You climb downwards.
There is a stone staircase leading up here.
Unknown command.
You open the door.
You die...

####
.....
#.....
+.....
.....
...
#'##
#.@#
#..+
+..#
#+##


There were no monsters in sight!

Vanquished Creatures
  A water moccasin (D:7)
  A black bear (D:7)
  2 ice beasts
  3 sky beasts
  3 ogres
  2 centaurs (D:6)
  A big kobold (D:7)
  2 giant frogs (D:6)
  A scorpion (D:5)
  2 killer bees (D:7)
  3 goliath beetles
  2 jellies (D:7)
  3 crimson imps (D:5)
  An orc priest (D:6)
  2 iguanas (D:4)
  4 worker ants
  3 orc wizards
  A hound skeleton (D:6)
  A worker ant zombie (D:5)
  8 adders
  7 gnolls
  2 giant mites
  3 worms
  2 shadow imps
  An adder zombie (D:5)
  2 adder skeletons (D:4)
  5 giant geckos
  2 oozes
  16 orcs
  5 bat skeletons
  17 goblins
  4 hobgoblins
  11 jackals
  2 quokkas
  A ball python (D:4)
  10 bats
  2 giant cockroaches (D:1)
  8 giant newts
  A jackal zombie (D:6)
  13 kobolds
  27 rats
187 creatures vanquished.

Notes
Turn   | Place    | Note
--------------------------------------------------------------
     0 | D:1      | dysrexia, the Octopode Fire Elementalist, began the quest for the Orb.
     0 | D:1      | Reached XP level 1. HP: 11/11 MP: 3/3
   106 | D:1      | Reached XP level 2. HP: 13/17 MP: 0/4
   347 | D:1      | Reached XP level 3. HP: 21/21 MP: 1/6
   685 | D:2      | Learned a level 3 spell: Conjure Flame
   789 | D:2      | Noticed Crazy Yiuf
   862 | D:2      | Reached skill level 4 in Fire Magic
   862 | D:2      | Reached XP level 4. HP: 23/27 MP: 4/7
  2144 | D:3      | Reached XP level 5. HP: 31/31 MP: 5/9
  3114 | D:4      | Reached skill level 5 in Fire Magic
  3172 | D:4      | Reached XP level 6. HP: 34/36 MP: 0/10
  3364 | D:4      | Found an opulent altar of Gozag.
  3420 | D:4      | Learned a level 4 spell: Sticky Flame
  4193 | D:5      | Entered Level 5 of the Dungeon
  4519 | D:5      | Reached XP level 7. HP: 41/41 MP: 2/12
  4644 | D:5      | Reached skill level 5 in Conjurations
  4644 | D:5      | Reached skill level 6 in Fire Magic
  5392 | D:5      | Reached skill level 7 in Fire Magic
  5392 | D:5      | Reached XP level 8. HP: 46/46 MP: 4/13
  5493 | D:5      | Found Cluocvea's Armour Boutique.
  5819 | D:6      | Gained mutation: Space occasionally distorts in your vicinity. [mutagenic meat]
  5820 | D:6      | Gained mutation: Your spells are a little harder to cast, but a little more powerful. [mutagenic meat]
  5821 | D:6      | Gained mutation: Your mind is acute. (Int +2) [mutagenic meat]
  6320 | D:6      | Found a basalt altar of Yredelemnul.
  6320 | D:6      | Found a white marble altar of Elyvilon.
  6330 | D:6      | Found a glowing golden altar of the Shining One.
  6654 | D:6      | Reached skill level 8 in Fire Magic
  7100 | D:7      | Found Mathup's Gadget Emporium.
  7300 | D:7      | Reached XP level 9. HP: 51/51 MP: 0/14
  7588 | D:7      | Reached skill level 9 in Fire Magic
  7968 | D:7      | HP: 2/51 [poisoned by a killer bee]
  7973 | D:8      | Succumbed to a killer bee's poison

Action                   |  1- 3 |  4- 6 |  7- 9 || total
-------------------------+-------+-------+-------++-------
Melee: Unarmed           |    28 |    37 |    25 ||    90
 Fire: Blowgun           |       |    15 |    12 ||    27
Throw: Stone             |    16 |    15 |     5 ||    36
 Cast: Flame Tongue      |    40 |   140 |   184 ||   364
       Conjure Flame     |       |     8 |    11 ||    19
       Sticky Flame      |       |       |    12 ||    12
  Use: Scroll            |       |    11 |     4 ||    15
       Potion            |       |       |     8 ||     8
 Stab: Sleeping          |     1 |     4 |     5 ||    10
  Eat: Chunk             |       |    13 |    17 ||    30
       Beef jerky        |       |     1 |       ||     1
       Pizza             |       |       |     1 ||     1
